 Dungeon Crawl Stone Soup version 0.27-a0-46-g34d46f0a3f (webtiles) character file.

Game seed: 18049300850156949734

5626 Borgoz the Carver (level 10, -7/90 HPs)
             Began as a Ghoul Monk on Jan 6, 2021.
             Was an Elder of Okawaru.
             Mangled by a catoblepas (12 damage)
             ... while petrified by a catoblepas
             ... on level 9 of the Dungeon.
             The game lasted 00:14:16 (7865 turns).

Borgoz the Carver (Ghoul Monk)                      Turns: 7865, Time: 00:14:16

Health: -7/90      AC:  9    Str: 14 (16) XL:     10   Next: 74%
Magic:  12/12      EV:  2    Int:  5      God:    Okawaru [****..]
Gold:   336        SH:  0    Dex: 14      Spells: 9/9 levels left

rFire    . . .     SeeInvis .   b - +0 great sword (vamp)
rCold    + + .     Faith    .   (shield currently unavailable)
rNeg     + + +     Spirit   .   x - +1 ring mail "Afryush" {rC+}
rPois    ∞         Reflect  .   q - +0 helmet
rElec    .         Harm     .   j - +1 cloak
rCorr    .         Rampage  .   (no gloves)
Will     .....                  (no boots)
Stlth    +.........             (no amulet)
HPRegen  0.00/turn              s - +4 ring of evasion
MPRegen  0.13/turn              m - +4 ring of protection

@: petrified, corroded, very slightly contaminated, invisible
A: claws 1, cold resistance 1, negative energy resistance 3, inhibited
regeneration, torment resistance, unbreathing
a: Renounce Religion, Heroism


You were on level 9 of the Dungeon.
You worshipped Okawaru.
Okawaru was greatly pleased with you.
You visited 2 branches of the dungeon, and saw 10 of its levels.

You collected 579 gold pieces.
You spent 243 gold pieces at shops.

Inventory:

Hand Weapons
 a - a +3 long sword of flaming
 b - a +0 vampiric great sword (weapon)
 y - a +0 scimitar
Armour
 j - a +1 cloak (worn)
 q - a +0 helmet (worn)
 x - the +1 ring mail "Afryush" (worn) {rC+}
   (You bought it in a shop on level 5 of the Dungeon)

   It protects you from cold.
Jewellery
 m - a +4 ring of protection (right claw)
 o - an uncursed ring of resist corrosion
 s - a +4 ring of evasion (left claw)
 B - an uncursed ring of ice
 D - an uncursed ring of protection from cold
Wands
 d - a wand of flame (10)
 h - a wand of paralysis (7)
 C - a wand of disintegration (8)
Scrolls
 f - 2 scrolls of amnesia
 g - a scroll of blinking
 t - a scroll of enchant weapon
 z - a scroll of fear
 F - 3 scrolls of identify
Potions
 c - 2 potions of resistance
 e - 2 potions of brilliance
 i - a potion of ambrosia
 k - 4 potions of haste
 l - 3 potions of heal wounds
 n - a potion of cancellation
 p - a potion of mutation {unknown}
 v - 3 potions of curing


   Skills:
 + Level 8.9 Fighting
 * Level 10.1 Long Blades
 + Level 1.5 Armour
 + Level 7.4 Dodging
 - Level 2.1 Stealth
 + Level 4.1 Invocations


You had 9 spell levels left.
You didn't know any spells.
Your spell library was empty.

Dungeon Overview and Level Annotations

Branches:
Dungeon (9/15)             Temple (1/1) D:5
   Lair: D:8-11         Orc: D:9-12

Altars:
Ashenzari
Cheibriados
Dithmenos
Elyvilon
Fedhas
Gozag
Hepliaklqana
Kikubaaqudgha
Makhleb
Nemelex Xobeh
Okawaru
Qazlal
Ru
Sif Muna
Trog
Uskayaw
Vehumet
Wu Jian
Xom
Yredelemnul
Zin
The Shining One

Shops:
D:5 *   D:7 !*


Innate Abilities, Weirdness & Mutations

You thrive by killing the living.
You are immune to poison.
You have sharp fingernails.
Your flesh is cold resistant. (rC+)
You are immune to negative energy. (rN+++)
You do not regenerate when monsters are visible.
You are immune to unholy pain and torment.
You can survive without breathing.


Message History

The kobold demonologist looks frightened!
The iron imp is unaffected.
The rust devil disappears in a puff of smoke!
The catoblepas breathes a plume of calcifying dust at you.
The blast of calcifying dust hits you but does no damage.
You are slowing down.
You open the door.
Your limbs have turned to stone.
The catoblepas breathes a plume of calcifying dust at you.
The blast of calcifying dust hits you.
You have turned to stone.
The catoblepas breathes a plume of calcifying dust at you.
The blast of calcifying dust hits you.
* * * LOW HITPOINT WARNING * * *
The catoblepas gores you!!
* * * LOW HITPOINT WARNING * * *
The catoblepas gores you!
* * * LOW HITPOINT WARNING * * *
The kobold demonologist is engulfed in calcifying dust.
The kobold demonologist is moving more slowly.
The catoblepas gores you!!
You die...

+.# #.+.###.+.....+.
#).#. #...#.#.....#.
#[.: #.)...#.....##
#'#####'###.......
#95.#.)#†.#.......
#l#§##...##....... +
#K#.§.....+.......
#.#Y#.#.#...#.......
#..@#.#...#.#.######
###'#####+###.......
.§................
............)......
...§.....#...)......
..........#..........
#..........#'#######.#
#######+##....##.#####
#....#......(


You could see a catoblepas, a kobold demonologist (petrifying), a basilisk, a
gargoyle and an iron imp (summoned).

Vanquished Creatures
  A centaur warrior (D:9)
  Grinder (D:6)
  A steam dragon (D:9)
  Edmund (D:4)
  Duvessa (D:5)
  3 orc warriors
  4 phantoms
  2 ice beasts
  A sky beast (D:9)
  4 ogres
  3 centaurs
  2 big kobolds (D:8)
  4 bullfrogs
  Dowan (D:4)
  3 scorpions
  11 killer bees
  9 wights
  A howler monkey (D:8)
  2 centaur zombies
  A quasit (D:9)
  3 hounds
  5 jellies
  2 bullfrog skeletons (D:5)
  12 orc wizards
  A gnoll shaman (D:6)
  Terence (D:3)
  2 iguanas (D:5)
  Natasha (thrice) (D:3)
  3 worker ants
  A worker ant zombie (D:5)
  Robin (D:3)
  12 gnolls
  A howler monkey skeleton (D:8)
  17 adders
  3 white imps
  An ufetubus (D:5)
  2 oozes
  2 adder skeletons
  3 worms
  A dart slug (D:2)
  6 leopard geckos
  20 orcs
  4 ball pythons
  3 bats
  8 giant cockroaches
  20 goblins
  13 hobgoblins
  13 jackals
  15 kobolds
  4 quokkas
  8 frilled lizards
  A leopard gecko skeleton (D:5)
  A quokka skeleton (D:7)
  7 rats
255 creatures vanquished.

Notes
Turn   | Place    | Note
-------+----------+-------------------------------------------
     0 | D:1      | Borgoz the Ghoul Monk began the quest for the Orb.
     0 | D:1      | Reached XP level 1. HP: 19/19 MP: 0/0
   114 | D:1      | Reached skill level 3 in Long Blades
   114 | D:1      | Reached XP level 2. HP: 26/26 MP: 1/1
   293 | D:1      | Found a basalt altar of Yredelemnul.
   791 | D:1      | Reached XP level 3. HP: 31/31 MP: 2/2
  1513 | D:2      | Reached XP level 4. HP: 40/40 MP: 3/3
  1796 | D:2      | Reached skill level 4 in Long Blades
  1815 | D:2      | Reached XP level 5. HP: 42/46 MP: 4/4
  2318 | D:3      | Noticed Natasha
  2326 | D:3      | Killed Natasha
  2363 | D:3      | Noticed Natasha
  2368 | D:3      | Killed Natasha
  2407 | D:3      | Noticed Natasha
  2410 | D:3      | Killed Natasha
  2411 | D:3      | Reached XP level 6. HP: 53/53 MP: 5/5
  2572 | D:3      | Found a blossoming altar of Fedhas.
  2573 | D:3      | Found an ancient bone altar of Kikubaaqudgha.
  2838 | D:3      | Noticed Robin
  2846 | D:3      | Killed Robin
  2925 | D:3      | Noticed Terence
  2932 | D:3      | Killed Terence
  3083 | D:4      | Found a bloodstained altar of Trog.
  3103 | D:4      | Reached skill level 5 in Fighting
  3103 | D:4      | Reached skill level 5 in Long Blades
  3157 | D:4      | Reached XP level 7. HP: 51/61 MP: 6/6
  3520 | D:4      | Noticed Edmund
  3531 | D:4      | Killed Edmund
  3622 | D:4      | Reached skill level 6 in Long Blades
  3658 | D:5      | Entered Level 5 of the Dungeon
  3658 | D:5      | Noticed Dowan
  3659 | D:5      | Noticed Duvessa
  3666 | D:5      | Reached XP level 8. HP: 50/70 MP: 7/7
  3675 | D:5      | Killed Duvessa
  3699 | D:4      | Killed Dowan
  3700 | D:4      | Reached skill level 5 in Dodging
  3990 | D:4      | Reached skill level 7 in Long Blades
  4515 | D:5      | Found an opulent altar of Gozag.
  4539 | D:5      | Found a hazy altar of Hepliaklqana.
  4540 | D:5      | Found a shimmering altar of Xom.
  4540 | D:5      | Noticed a death ooze
  4541 | D:5      | Noticed a spectral ugly thing
  4541 | D:5      | Noticed a death ooze
  4668 | D:5      | Found Fuojes's Assorted Antiques.
  4688 | D:5      | Bought a slimy ring mail for 243 gold pieces
  4698 | D:5      | Identified the +1 ring mail "Afryush" {rC+} (You bought it
                  | in a shop on level 5 of the Dungeon)
  4789 | D:5      | Found a staircase to the Ecumenical Temple.
  4804 | D:5      | Reached XP level 9. HP: 64/78 MP: 8/8
  4818 | Temple   | Entered the Ecumenical Temple
  5071 | Temple   | Became a worshipper of Warmaster Okawaru
  5071 | Temple   | Reached * piety under Okawaru
  5071 | Temple   | Reached ** piety under Okawaru
  5244 | D:6      | Reached skill level 8 in Long Blades
  5759 | D:6      | Noticed Grinder
  5766 | D:6      | Killed Grinder
  5802 | D:6      | Found a snail-covered altar of Cheibriados.
  5802 | D:6      | Found a hide-covered altar of Uskayaw.
  5802 | D:6      | Found a shadowy altar of Dithmenos.
  5803 | D:6      | Found a broken altar of Ashenzari.
  5803 | D:6      | Found a basalt altar of Yredelemnul.
  6030 | D:7      | Found Zeyd Iji's General Store.
  6258 | D:7      | Found Tianodd's Distillery.
  6268 | D:7      | Reached skill level 1 in Invocations
  6299 | D:7      | Reached skill level 9 in Long Blades
  6303 | D:7      | Reached *** piety under Okawaru
  6567 | D:8      | Reached XP level 10. HP: 88/88 MP: 10/10
  6642 | D:8      | Found a radiant altar of Vehumet.
  7135 | D:7      | Noticed a rust devil
  7135 | D:7      | Noticed a rust devil
  7710 | D:9      | Reached **** piety under Okawaru
  7735 | D:9      | Noticed a centaur warrior
  7748 | D:9      | Killed a centaur warrior
  7749 | D:9      | Reached skill level 10 in Long Blades
  7749 | D:9      | Reached skill level 1 in Armour
  7828 | D:9      | Noticed a kobold demonologist
  7834 | D:9      | Noticed a catoblepas
  7836 | D:9      | Noticed a boulder beetle
  7843 | D:9      | Noticed a rust devil
  7844 | D:9      | Noticed a smoke demon
  7844 | D:9      | Noticed a gargoyle
  7865 | D:9      | Mangled by a catoblepas

Illustrated notes

Levels and vault maps discovered:
D:1:      lightli_arrival_maybe_door_vault, layout_basic,
          minmay_misc_feat_rugged, minmay_misc_feat_encased, chequers_avenue,
          minmay_misc_feat_tiny, hex_medium, serial_bayou_pond_c,
          minmay_hexomino_r4
D:2:      minmay_skewed_foursquare, layout_basic
D:3:      layout_loops_ring, grunt_temple_overflow_growth_and_decay,
          uniq_natasha, uniq_terence, uniq_robin
D:4:      layout_basic, kennysheep_little_box, uniq_edmund
D:5:      layout_basic, regret_index_temple_of_mockery, general_overflow_altar,
          temple_statues, serial_shops, shop, uniq_duvessa
D:6:      layout_loops_ring, grunt_temple_overflow_open, uniq_grinder
D:7:      cheibrodos_iron_armory, layout_rooms, serial_shops,
          nicolae_shop_stone, shop_fountains
D:8:      layout_basic, kennysheep_mini
D:9:      minmay_the_grid_square_5x5_3x3
          [minmay_the_grid_square_5x5_checkered_sparse,
          minmay_the_grid_square_5x5_shuriken,
          minmay_the_grid_square_5x5_three_small,
          minmay_the_grid_square_5x5_two,
          minmay_the_grid_square_5x5_megaprize_diamond,
          minmay_the_grid_square_5x5_minimal, minmay_the_grid_square_5x5_mess,
          minmay_the_grid_square_5x5_pentomino_r,
          minmay_the_grid_square_5x5_n_small], layout_gridville, orc_0_dummy,
          minivault_12
Temple:   dpeg_chambers_temple

Skill      XL: |  1  2  3  4  5  6  7  8  9 10 |
---------------+-------------------------------+-----
Long Blades    | 3 4 5 6 7 9 10 | 10.1
Dodging        | 3 4 5 6 7 |  7.4
Fighting       | 4 5 6 8 |  8.9
Invocations    | 2 4 |  4.1
Armour         | 1 |  1.5
Stealth        | |  2.1

Action                   |  1- 3 |  4- 6 |  7- 9 | 10-12 || total
-------------------------+-------+-------+-------+-------++-------
Melee: Falchion          |   117 |       |       |       ||   117
       Long sword        |       |   173 |   289 |   155 ||   617
       Great sword       |       |       |       |    74 ||    74
Throw: Throwing net      |       |       |     2 |     1 ||     3
Invok: Heroism           |       |       |       |     2 ||     2
Evoke: Wand              |       |       |     1 |       ||     1
  Use: Scroll            |       |     9 |     3 |     5 ||    17
       Potion            |       |       |     2 |     9 ||    11
 Stab: Sleeping          |       |     1 |       |     1 ||     2
       Paralysed         |       |       |     7 |       ||     7
       Invisible         |       |       |       |     4 ||     4
Armor: Robe              |     3 |       |       |       ||     3
       Ring mail         |    43 |    59 |   120 |    72 ||   294
Dodge: Dodged            |    94 |   113 |   299 |   206 ||   712
       Rpst.: Falchion   |    24 |       |       |       ||    24
       Long sword        |       |    34 |    88 |    29 ||   151
       Great sword       |       |       |       |    22 ||    22

Table legend: (Time is in decaauts)
 A = Elapsed time spent in this place.
 B = Non-inter-level travel time spent in this place.
 C = Inter-level travel time spent in this place.
 D = Time resting spent in this place.
 E = Time spent auto-exploring this place.
 F = Levels seen in this place.
 G = Mean time per level.
                   A        B        C        D        E       F      G
               +--------+--------+--------+--------+--------+-----+--------+
         Total |   7899 |   7663 |    236 |    720 |   5190 |  10 |  789.9 |
       Dungeon |   7618 |   7444 |    174 |    720 |   4973 |   9 |  846.4 |
        Temple |    280 |    218 |     62 |      0 |    217 |   1 |  280.0 |
               +--------+--------+--------+--------+--------+-----+--------+

Top non-repeatable levels by time:
     D:1: 1231 daAuts
     D:4: 1011 daAuts
     D:3: 970 daAuts
     D:2: 916 daAuts
     D:6: 838 daAuts
     D:5: 837 daAuts
     D:8: 760 daAuts
     D:7: 540 daAuts
     D:9: 512 daAuts
  Temple: 280 daAuts
